 Dungeon Crawl Stone Soup version 0.20.0-10-g0535bb4 (webtiles) character file.

412 McKennaii the Skirmisher (level 6, -9/49 HPs)
             Began as a Demonspawn Abyssal Knight on June 4, 2017.
             Was a Believer of Lugonu.
             Killed by divine providence
             ... invoked by an orc priest
              (13 damage)
             ... on level 4 of the Dungeon.
             The game lasted 00:05:51 (3955 turns).

McKennaii the Skirmisher (DsAK)                     Turns: 3955, Time: 00:05:51

Health: -9/49      AC: 12    Str: 12      XL:     6   Next: 59%
Magic:  17/17      EV:  4    Int: 13      God:    Lugonu [**....]
Gold:   168        SH:  0    Dex: 13 (15) Spells: 5/5 levels left

rFire    . . .     SeeInvis .   a - +1 falchion
rCold    . . .     Gourm    .   (no shield)
rNeg     . . .     Faith    .   k - +0 plate armour
rPois    .         Spirit   .   (no helmet)
rElec    .         Reflect  .   (no cloak)
rCorr    .         Harm     .   d - +0 pair of gloves
MR       .....                  (no boots)
Stlth    ..........             (no amulet)
Regen    0.2/turn               q - ring of magical power
MPRegen  0.2/turn               (no ring)

@: about to teleport, heavily drained
A: repulsion field 1, demonic guardian 1
a: Depart the Abyss, Bend Space, Renounce Religion


You were on level 4 of the Dungeon.
You worshipped Lugonu.
Lugonu was pleased with you.
You were very hungry.

You visited 1 branch of the dungeon, and saw 4 of its levels.
You visited the Abyss 1 time.

You collected 168 gold pieces.

Inventory:

Hand Weapons
 a - a +1 falchion (weapon)
Armour
 d - a +0 pair of gloves (worn)
 k - a +0 plate armour (worn)
Jewellery
 q - a ring of magical power (left hand)
Wands
 l - a wand of disintegration (13/24)
Scrolls
 e - a scroll of blinking {unknown}
 h - a scroll of remove curse {unknown}
 i - 4 scrolls of identify
 j - a scroll of teleportation
 n - 2 scrolls of fog {unknown}
 o - a scroll of recharging {unknown}
Potions
 b - a potion of magic {unknown}
 p - a potion of lignification {unknown}
 r - a potion of mutation {unknown}
Comestibles
 c - a bread ration
 f - 2 royal jellies
 g - 2 meat rations
 m - 8 fruits


   Skills:
 + Level 4.6(3.2) Fighting
 + Level 4.2(2.9) Long Blades
 + Level 3.4(2.1) Armour
 + Level 1.2(0.0) Dodging
 + Level 1.1(0.0) Stealth
 + Level 2.7(1.4) Invocations


You had 5 spell levels left.
You didn't know any spells.

Dungeon Overview and Level Annotations

Branches:
Dungeon (4/15)
 Temple: D:4-7

Altars:


Innate Abilities, Weirdness & Mutations

You are surrounded by a mild repulsion field. (EV +2)
A weak demonic guardian rushes to your aid.


Message History

The orc priest calls down the wrath of Beogh upon you.
Beogh smites you!
* * * LOW HITPOINT WARNING * * *
Your white imp barely misses the orc priest.
The orc wizard hits your white imp with a dagger.
Your white imp dies!
The orc wizard casts a spell.
The orc wizard blinks!
Okay, then.
As you read the scroll labeled UFI KA VOYXU, it crumbles to dust.
It is a scroll of identify.
j - 2 scrolls of teleportation
As you read the scroll of teleportation, it crumbles to dust.
You feel strangely unstable.
The orc warrior hits you from afar with a trident.
* * * LOW HITPOINT WARNING * * *
The orc warrior hits your iron imp with a trident.
The orc priest calls down the wrath of Beogh upon you.
Beogh smites you!
You die...

############# #oo5..@...).#
#.#########.# #.# #.# #o# #.#
.......o....# #.#
...........$# #.###########
............#####............
............(........#######.
.............#######.# #.


You could see an orc warrior, an orc priest and a friendly iron imp.

Vanquished Creatures
  A scorpion (D:4)
  An iron imp (Abyss:1)
  Natasha (twice) (D:2)
  A worker ant (D:4)
  2 orc wizards
  An adder (D:2)
  4 oozes
  A worm (D:4)
  4 leopard geckos
  5 orcs
  2 giant cockroaches
  5 goblins
  8 hobgoblins
  4 jackals (D:1)
  3 bats
  6 frilled lizards
  5 kobolds (D:1)
  6 rats
61 creatures vanquished.

Vanquished Creatures (collateral kills)
  An ogre (D:4)
  5 orc wizards
  3 orcs
  2 frilled lizards (D:4)
11 creatures vanquished.

Grand Total: 72 creatures vanquished

Notes
Turn   | Place    | Note
-------+----------+-------------------------------------------
     0 | Abyss:1  | McKennaii the Demonspawn Abyssal Knight began the quest for the Orb.
     0 | Abyss:1  | Reached XP level 1. HP: 18/18 MP: 2/2
    60 | Abyss:1  | Noticed an iron imp
    70 | Abyss:1  | Killed an iron imp
    70 | Abyss:1  | Gained mutation: You are surrounded by a mild repulsion field. (EV +2) [demonic ancestry]
    70 | Abyss:1  | Reached XP level 2. HP: 10/25 MP: 3/3
    70 | Abyss:1  | Reached XP level 3. HP: 12/30 MP: 4/4
   279 | Abyss:1  | Noticed a large abomination
   357 | Abyss:2  | Noticed a raiju
   365 | Abyss:2  | Noticed a worldbinder
   365 | Abyss:2  | Noticed a flying skull
   365 | Abyss:2  | Noticed a wretched star
   365 | Abyss:2  | Noticed an eye of draining
   365 | Abyss:2  | Noticed a raiju
   365 | Abyss:2  | Noticed a starcursed mass
   366 | Abyss:2  | Noticed an ancient zyme
   366 | D:1      | Escaped the Abyss
  1356 | D:1      | Reached * piety under Lugonu
  1676 | D:2      | Reached skill level 1 in Dodging
  1676 | D:2      | Reached XP level 4. HP: 37/37 MP: 6/6
  1810 | D:2      | Noticed Natasha
  1826 | D:2      | Killed Natasha
  2042 | D:2      | Noticed Natasha
  2053 | D:2      | Killed Natasha
  2053 | D:2      | Reached skill level 1 in Stealth
  2405 | D:3      | Gained mutation: A weak demonic guardian rushes to your aid. [demonic ancestry]
  2405 | D:3      | Reached XP level 5. HP: 42/42 MP: 7/7
  3278 | D:4      | Reached ** piety under Lugonu
  3290 | D:4      | Reached XP level 6. HP: 45/49 MP: 8/8
  3942 | D:4      | Noticed an orc warrior
  3955 | D:4      | Killed from afar by an orc priest

Skill      XL: |  1  2  3  4  5  6 |
---------------+-------------------+-----
Long Blades    | 2 3 4 |  4.2
Armour         | 2 3 |  3.4
Dodging        | 1 |  1.2
Fighting       | 4 |  4.6
Stealth        | 1 |  1.1
Invocations    | |  2.7

Action                   |  1- 3 |  4- 6 || total
-------------------------+-------+-------++-------
Melee: Falchion          |    81 |   250 ||   331
Invok: Depart the Abyss  |     1 |       ||     1
  Use: Potion            |       |     3 ||     3
       Scroll            |       |     2 ||     2
 Stab: Sleeping          |     1 |       ||     1
  Eat: Chunk             |     1 |     8 ||     9
Armor: Leather armour    |     9 |       ||     9
       Plate armour      |     8 |   236 ||   244
Dodge: Dodged            |    55 |    65 ||   120
       Rpst.: Falchion   |    20 |    25 ||    45
